 Dungeon Crawl Stone Soup version 0.30-a0-912-ge10d75a369 (webtiles) character file.

Game seed: 2880779289654569005

5965 112233 the Zephyrmancer (level 10, 0/63 HPs)
             Began as a Tengu Air Elementalist on Mar 19, 2023.
             Was a Follower of Vehumet.
             Slain by a komodo dragon (15 damage)
             ... on level 1 of the Orcish Mines.
             The game lasted 00:15:26 (14383 turns).

112233 the Zephyrmancer (Tengu Air Elementalist)   Turns: 14383, Time: 00:15:26

Health: 0/63       AC:  8    Str:  9    XL:     10   Next: 84%
Magic:  3/21       EV: 18    Int: 20    God:    Vehumet [*.....]
Gold:   674        SH:  0    Dex: 14    Spells: 6/23 levels left

rFire   . . .      SeeInvis .    l - +4 halberd
rCold   . . .      Faith    .    (shield currently unavailable)
rNeg    . . .      Spirit   .    a - +0 robe
rPois   .          Reflect  .    (helmet restricted)
rElec   .          Rampage  .    i - +1 cloak
rCorr   .                        (no gloves)
Will    .....                    (boots unavailable)
Stlth   ++                       k - amulet of magic regeneration
HPRegen 0.30/turn                g - +4 ring of protection
MPRegen 0.57/turn                (no ring)

@: flying quickly and evasively, quick
A: beak, talons 3, nimble flight
a: Renounce Religion


You were on level 1 of the Orcish Mines.
You worshipped Vehumet.
Vehumet was aware of your devotion.
You visited 3 branches of the dungeon, and saw 13 of its levels.

You collected 713 gold pieces.
You spent 39 gold pieces at shops.

Inventory:

Hand Weapons
 c - a +0 whip of freezing
 l - a +4 halberd (weapon)
Missiles
 y - a throwing net
Armour
 a - a +0 robe (worn)
 b - a +0 troll leather armour {Pargi}
 e - the +1 cloak of Insatiable Hunger {Contam Rampage rElec rCorr}
   (You found it on level 5 of the Dungeon)

   rElec:     It insulates you from electricity.
   Contam:    It causes magical contamination when unequipped.
   rCorr:     It protects you from acid and corrosion.
   Rampage:   It bestows one free step when moving towards enemies.
 i - a +1 cloak (worn)
 G - a +0 kite shield
Magical Staves
 B - a staff of cold
Jewellery
 g - a +4 ring of protection (left hand)
 k - an amulet of magic regeneration (around neck)
 o - an amulet of faith
 F - a ring of poison resistance
Wands
 n - a wand of digging (5) (quivered)
 v - a wand of polymorph (6)
Scrolls
 d - 4 scrolls of fog
 f - 4 scrolls of identify
 h - a scroll of enchant weapon
 j - a scroll of torment {unknown}
 m - a scroll of butterflies
 p - a scroll of poison
 q - a scroll of teleportation
 r - a scroll of amnesia
 t - a scroll of fear {unknown}
 C - a scroll of immolation {unknown}
Potions
 s - 3 potions of berserk rage {unknown}
 u - a potion of mutation {unknown}
 x - 2 potions of might
 z - a potion of magic
 A - 2 potions of haste {unknown}
 D - a potion of brilliance {unknown}
 E - a potion of invisibility {unknown}
 H - a potion of degeneration {unknown}


   Skills:
 + Level 7.1 Fighting
 + Level 8.2 Dodging
 - Level 2.0 Stealth
 + Level 7.2 Spellcasting
 + Level 7.4 Conjurations
 * Level 11.0 Air Magic


You had 6 spell levels left.
You knew the following spells:

 Your Spells              Type           Power      Damage    Failure   Level
a - Shock                 Conj/Air       100%       1d9       1%          1
b - Static Discharge      Conj/Air       88%        2-6/arc   1%          2
c - Poisonous Vapours     Pois/Air       58%        N/A       1%          2
d - Airstrike             Air            25%        2d(4-20)  1%          4
e - Swiftness             Air            51%        N/A       1%          3
f - Arcjolt               Conj/Air       22%        1d32      6%          5

Your spell library contained the following spells:

 Spells                   Type           Power      Damage    Failure   Level
 Freeze                   Ice            28%        1d5       10%         1
 Mephitic Cloud           Conj/Pois/Air  31%        N/A       2%          3
 Cigotuvi's Dreadful Rot  Necr/Pois/Air  42%        N/A       3%          2
 Iskenderun's Battlesphe  Conj           37%        2d9       12%         5
 Frozen Ramparts          Ice            14%        1d3       28%         3
 Inner Flame              Hex/Fire       7%         N/A       28%         3
 Cause Fear               Hex            3%         N/A       67%         4
 Ice Form                 Ice/Tmut       7%         N/A       67%         4
 Leda's Liquefaction      Hex/Erth       3%         N/A       67%         4
 Summon Ice Beast         Ice/Summ       7%         N/A       67%         4
 Lee's Rapid Deconstruct  Erth           3%         3d5*      95%         5
 Summon Forest            Summ/Tloc      3%         N/A       95%         5
 Summon Mana Viper        Hex/Summ       7%         N/A       95%         5
 Iron Shot                Conj/Erth      11%        9d3       97%         6
 Eringya's Noxious Bog    Tmut/Pois      3%         N/A       100%        6
 Simulacrum               Ice/Necr       3%         N/A       100%        6
 Statue Form              Tmut/Erth      4%         N/A       100%        6
 Summon Cactus Giant      Summ           3%         N/A       100%        6
 Spellforged Servitor     Conj/Summ      11%        N/A       100%        7
 Summon Hydra             Summ           3%         N/A       100%        7
 Discord                  Hex            3%         N/A       100%        8


Dungeon Overview and Level Annotations

Branches:
Dungeon (10/15)            Temple (1/1) D:6             Orc (2/2) D:10
   Lair: D:8-11         Elf: Orc:2

Altars:
Ashenzari
Cheibriados
Dithmenos
Elyvilon
Fedhas
Gozag
Hepliaklqana
Kikubaaqudgha
Makhleb
Nemelex Xobeh
Qazlal
Ru
Sif Muna
Trog
Uskayaw
Vehumet
Wu Jian
Xom
Yredelemnul
Zin
The Shining One

Shops:
D:1 (   D:6 ?

Annotations:
D:2 exclusion: downstairs
D:3 Robin
D:4 1 runed translucent door, exclusion: downstairs, Thjof's ghost, amateur OpEE
D:5 Edmund
D:6 exclusion: upstairs
Orc:1 exclusion: downstairs


Innate Abilities, Weirdness & Mutations

You have a beak for a mouth.
You have claws for feet.
Your magical nature lets you fly swiftly and evasively.


Message History

Casting: Arcjolt (dangerous; 6% risk of failure)
Confirm with . or Enter, or press ? or * to list all spells.
Aiming: Airstrike (dangerous; 1% risk of failure)
Press: ? - help, Dir - move target, f - vampire mosquito
Aim: a vampire mosquito (severely damaged, empty space bonus: 4/8)
The air twists around and strikes the vampire mosquito.
The vampire mosquito is almost destroyed.
The vampire mosquito barely misses you.
The komodo dragon completely misses you.
The vampire mosquito misses you.
Unknown command.
Casting: Airstrike (dangerous; 1% risk of failure)
Confirm with . or Enter, or press ? or * to list all spells.
Aiming: Airstrike (dangerous; 1% risk of failure)
Press: ? - help, Dir - move target, f/p - vampire mosquito
Aim: a vampire mosquito (almost destroyed, empty space bonus: 4/8)
The air twists around and strikes the vampire mosquito.
You destroy the vampire mosquito!
Vehumet accepts your kill.
You feel your power returning. The komodo dragon closely misses you.
Your life force feels restored.
Your Air Magic skill increases to level 11!
Unknown command.
Casting: Airstrike (dangerous; 1% risk of failure)
Confirm with . or Enter, or press ? or * to list all spells.
Aiming: Airstrike (dangerous; 1% risk of failure)
Press: ? - help, Dir - move target, f - komodo dragon
Aim: a komodo dragon (severely wounded, empty space bonus: 6/8)
The air twists around and strikes the komodo dragon.
The komodo dragon is severely wounded.
The komodo dragon closely misses you.
Unknown command.
Unknown command.
Casting: Airstrike (dangerous; 1% risk of failure)
Confirm with . or Enter, or press ? or * to list all spells.
You don't have enough magic to cast this spell.
Unknown command.
Unknown command.
You feel better. The komodo dragon bites you!
You die...

............#
............##
.........)[..#
..........)..#
.............##
..............##### ###
...............#..###.##
.........)......l..#...###
.#.......).....[@)....#..##
...............###.#......#
.##.............#..##...###
..#...............###...#
.###......[......###≈...##
#.##..#...)...#####≈§§..≈#
### ...........#...#
#≈§§§§..# #§≈
#.##..#.#.###.## ##≈≈§...##
####≈ ...##.###.#####
###.#...###....


You could see a komodo dragon.

Vanquished Creatures
  2 trolls
  A hornet (D:8)
  10 yaks
  2 wyverns
  A steam dragon (D:6)
  A vampire mosquito (Orc:1)
  A warg (Orc:1)
  2 water moccasins
  A sky beast (D:7)
  3 orc warriors (Orc:1)
  2 black bears
  Pargi (D:3)
  2 ogres (Orc:1)
  A centaur (D:9)
  A phantom (D:4)
  A bullfrog (D:6)
  A gnoll sergeant (D:10)
  3 scorpions
  13 wights
  6 howler monkeys
  3 orc priests
  3 jellies
  3 hounds
  A gnoll bouda (D:8)
  3 iguanas
  8 orc wizards
  A sleepcap (D:5)
  Natasha (thrice) (D:4)
  A human simulacrum (D:9)
  14 gnolls
  5 adders
  An ufetubus (D:4)
  A dart slug (D:4)
  30 orcs
  7 ball pythons
  3 endoplasms
  4 giant cockroaches
  8 goblins
  8 hobgoblins
  4 jackals
  7 quokkas
  2 bats
  6 frilled lizards
  4 kobolds
  8 rats
193 creatures vanquished.

Vanquished Creatures (others)
  A wight (D:9)
  A human simulacrum (D:9)
  4 orcs (D:9)
  A fungus (Orc:2)
7 creatures vanquished.

Grand Total: 200 creatures vanquished

Notes
Turn   | Place    | Note
-------+----------+-------------------------------------------
     0 | D:1      | 112233 the Tengu Air Elementalist began the quest for the
                  | Orb.
     0 | D:1      | Reached XP level 1. HP: 10/10 MP: 4/4
   429 | D:1      | Reached XP level 2. HP: 15/15 MP: 3/6
   569 | D:1      | Learned a level 2 spell: Static Discharge
   740 | D:1      | Found Asital's Weapon Shoppe.
  1404 | D:2      | Reached XP level 3. HP: 19/19 MP: 4/7
  1533 | D:2      | Reached skill level 5 in Air Magic
  2441 | D:3      | Reached XP level 4. HP: 24/24 MP: 2/9
  2876 | D:3      | Noticed Robin
  2972 | D:4      | Noticed Thjof's ghost (amateur OpEE)
  2972 | D:4      | Found a runed translucent door.
  3147 | D:4      | Reached skill level 1 in Fighting
  3448 | D:3      | Noticed Pargi
  3452 | D:3      | Killed Pargi
  3453 | D:3      | Gained mutation: Your magical nature lets you fly swiftly
                  | and evasively. [Tengu growth]
  3453 | D:3      | Reached XP level 5. HP: 30/30 MP: 9/11
  3557 | D:4      | Noticed Natasha
  3562 | D:4      | Killed Natasha
  3563 | D:4      | Reached XP level 6. HP: 35/35 MP: 3/12
  3759 | D:4      | Noticed Natasha
  3766 | D:4      | Killed Natasha
  3767 | D:4      | Reached skill level 6 in Air Magic
  3918 | D:4      | Learned a level 3 spell: Swiftness
  3923 | D:4      | Learned a level 4 spell: Airstrike
  3926 | D:4      | Learned a level 2 spell: Poisonous Vapours
  3950 | D:4      | Noticed Natasha
  3957 | D:4      | Killed Natasha
  4326 | D:5      | Entered Level 5 of the Dungeon
  4461 | D:5      | Noticed Edmund
  4578 | D:6      | Reached XP level 7. HP: 26/40 MP: 0/14
  5241 | D:4      | Reached skill level 7 in Air Magic
  7232 | D:5      | Identified the +1 cloak of Insatiable Hunger {Contam
                  | Rampage rElec rCorr}
  7601 | D:6      | Reached XP level 8. HP: 48/48 MP: 7/16
  7635 | D:6      | Got the Tome of Exhalation and Frostbite
  7838 | D:6      | Reached skill level 5 in Dodging
  7911 | D:6      | Found Pearusodd's Magic Scroll Boutique.
  7916 | D:6      | Bought a scroll of teleportation for 39 gold pieces
  8040 | D:7      | Reached skill level 5 in Spellcasting
  8127 | D:7      | Reached skill level 8 in Air Magic
  8257 | D:6      | Found a staircase to the Ecumenical Temple.
  8445 | Temple   | Entered the Ecumenical Temple
  8661 | Temple   | Became a worshipper of Vehumet
  8917 | D:7      | Noticed a wyvern
  8921 | D:7      | Killed a wyvern
  8922 | D:7      | Reached skill level 5 in Fighting
  8922 | D:7      | Reached XP level 9. HP: 54/54 MP: 3/18
  9154 | D:8      | Noticed a hornet
 10084 | D:8      | Killed a hornet
 10296 | D:9      | Learned a level 5 spell: Arcjolt
 10318 | D:9      | Reached skill level 9 in Air Magic
 10635 | D:9      | Reached skill level 5 in Conjurations
 11270 | D:9      | Reached XP level 10. HP: 36/60 MP: 8/20
 11507 | D:9      | Reached * piety under Vehumet
 11507 | D:9      | Offered knowledge of Freeze by Vehumet.
 11761 | D:9      | Reached skill level 10 in Air Magic
 12553 | D:9      | Found a blossoming altar of Fedhas.
 12553 | D:9      | Found a basalt altar of Yredelemnul.
 12553 | D:9      | Found a white marble altar of Elyvilon.
 12553 | D:9      | Found an ornate altar of the Wu Jian Council.
 12554 | D:9      | Found a hazy altar of Hepliaklqana.
 12554 | D:9      | Found a hide-covered altar of Uskayaw.
 12556 | D:9      | Found a sparkling altar of Nemelex Xobeh.
 12556 | D:9      | Found a shimmering blue altar of Sif Muna.
 12556 | D:9      | Found a glowing silver altar of Zin.
 12877 | D:10     | Entered Level 10 of the Dungeon
 13303 | D:10     | Found a staircase to the Orcish Mines.
 13313 | Orc:1    | Entered Level 1 of the Orcish Mines
 13760 | Orc:1    | Noticed an orc knight
 13762 | Orc:1    | Noticed an orc sorcerer
 13971 | Orc:2    | Entered Level 2 of the Orcish Mines
 13972 | Orc:2    | Noticed an orc high priest
 14125 | Orc:2    | Noticed an orc high priest
 14125 | Orc:2    | Noticed an orc knight
 14126 | Orc:2    | Noticed a sixfirhy
 14126 | Orc:2    | Noticed a soul eater
 14126 | Orc:2    | Noticed a rust devil
 14126 | Orc:2    | Noticed an orc knight
 14126 | Orc:2    | Noticed a sun demon
 14127 | Orc:2    | Noticed an orc warlord
 14382 | Orc:1    | Reached skill level 11 in Air Magic
 14383 | Orc:1    | Slain by a komodo dragon

Illustrated notes

Levels and vault maps discovered:
D:1:      beargit_arrival_diablo_church, layout_basic, serial_shops,
          nicolae_shop_bloodbath_and_beyond, hex_tiny
D:2:      layout_loops_cross
D:3:      layout_basic, uniq_pargi, uniq_robin
D:4:      cheibrodos_greedy_goblins, layout_layer_cave, gammafunk_ghost_grave,
          cheibrodos_gnoll_hut, uniq_natasha
D:5:      layout_cave_pools, gup_sewer_entry_bubbles,
          chequers_serial_rivers_large_b, roderic_lattice_a,
          chequers_serial_rivers_room_a, uniq_edmund
D:6:      layout_rooms, minmay_temple_entry_grid, serial_shops, kennysheep_mini
D:7:      layout_loops_ring
D:8:      layout_basic
D:9:      layout_loops_ring, nicolae_overflows_in_rows, moated_statue,
          hangedman_decor_growths, bh_circular_ruins
D:10:     layout_irregular_city, lair_entry_dummy, orc_0_dummy,
          serial_co_window_serial, co_window_paths_b, co_window_paths_b,
          co_window_corner_a, co_window_of_opportunity_a, co_window_paths_a,
          co_window_of_opportunity_a, co_window_cross_1, co_window_broadway_b,
          co_window_broadway_a, co_window_cross_2, co_window_corner_cb,
          co_window_cross_4, co_window_4corner_b, co_window_paths_e,
          glass_columns_b, glass_columns_a, glass_columns_c, glass_columns_a,
          glass_columns_c, st_stairs_1
Temple:   nicolae_temple_figure_eight
Orc:1:    layout_caves, serial_shops, nicolae_shop_advertising_works
          [nicolae_subvault_shop_adworks], nicolae_orc_lava_tube, uniq_maurice
Orc:2:    grunt_orc_gardens, layout_diamond_mine, grunt_orc_garden,
          grunt_orc_garden, grunt_orc_garden, grunt_orc_garden, basic_altar,
          nooodl_orcs_dogs

Skill      XL: |  1  2  3  4  5  6  7  8  9 10 |
---------------+-------------------------------+-----
Air Magic      | 5 6 7 8 9 11 | 11.0
Spellcasting   | 3 4 5 6 7 |  7.2
Fighting       | 1 2 3 5 6 7 |  7.1
Dodging        | 3 4 6 7 8 |  8.2
Conjurations   | 3 5 7 |  7.4
Stealth        | |  2.0

Action                     |  1- 3 |  4- 6 |  7- 9 | 10-12 || total
---------------------------+-------+-------+-------+-------++-------
  Melee: Unarmed           |       |     2 |     9 |       ||    11
         Kick              |       |       |     8 |     1 ||     9
         Halberd           |       |       |    10 |     7 ||    17
         Peck              |       |       |     1 |     1 ||     2
   Cast: Shock             |    82 |    79 |    70 |       ||   231
         Static Discharge  |       |     6 |    24 |     4 ||    34
         Airstrike         |       |     2 |    84 |    74 ||   160
         Swiftness         |       |     1 |     2 |     1 ||     4
         Poisonous Vapours |       |     1 |    28 |     6 ||    35
         Arcjolt           |       |       |     1 |     3 ||     4
  Evoke: Wand              |       |     5 |     3 |     7 ||    15
    Use: Potion            |       |     3 |     5 |     1 ||     9
         Scroll            |       |       |    12 |       ||    12
   Stab: Sleeping          |       |       |     1 |       ||     1
 Armour: Robe              |       |     5 |    24 |     5 ||    34
  Dodge: Dodged            |     9 |    23 |    98 |    70 ||   200

Table legend: (Time is in decaauts)
 A = Elapsed time spent in this place.
 B = Non-inter-level travel time spent in this place.
 C = Inter-level travel time spent in this place.
 D = Time resting spent in this place.
 E = Time spent auto-exploring this place.
 F = Levels seen in this place.
 G = Mean time per level.
                   A        B        C        D        E       F      G
               +--------+--------+--------+--------+--------+-----+--------+
         Total |  13878 |  13011 |    867 |   4884 |   6813 |  13 | 1067.5 |
       Dungeon |  12624 |  11835 |    789 |   4099 |   6484 |  10 | 1262.4 |
        Temple |    207 |    183 |     24 |      0 |    179 |   1 |  207.0 |
  Orcish Mines |   1045 |    992 |     53 |    785 |    149 |   2 |  522.5 |
               +--------+--------+--------+--------+--------+-----+--------+

Top non-repeatable levels by time:
     D:4: 2450 daAuts
     D:9: 1659 daAuts
     D:8: 1609 daAuts
     D:3: 1453 daAuts
     D:1: 1381 daAuts
     D:2: 1109 daAuts
   Orc:1: 1040 daAuts
     D:7: 1010 daAuts
     D:6: 899 daAuts
     D:5: 637 daAuts
    D:10: 413 daAuts
  Temple: 207 daAuts
   Orc:2: 5 daAuts
